 Dungeon Crawl Stone Soup version 0.19.1 (webtiles) character file.

102 ImaNewbie the Slasher (level 4, -2/37 HPs)
             Began as a Minotaur Gladiator on Dec 26, 2016.
             Killed by divine providence
             ... invoked by an orc priest
              (10 damage)
             ... on level 4 of the Dungeon.
             The game lasted 00:02:51 (2149 turns).

ImaNewbie the Slasher (Minotaur Gladiator)          Turns: 2149, Time: 00:02:51

Health: -2/37      AC:  7    Str: 21    XL:     4   Next: 49%
Magic:  3/3        EV: 12    Int:  5    God:
Gold:   267        SH:  0    Dex: 10    Spells: 0 memorised, 3 levels left

rFire  . . .     SeeInvis +     a - +0 long sword
rCold  . . .     Gourm    .     A - +3 leather armour
rNeg   . . .     Faith    .     (no shield)
rPois  .         Spirit   .     c - +0 hat
rElec  .         Reflect  .     (no cloak)
rCorr  .         Harm     .     m - +0 pair of gloves
MR     +....                    (no boots)
Stlth  +.........               p - amulet of regeneration
                                e - ring of see invisible
                                i - ring of protection from magic

@: no status effects
A: retaliatory headbutt, horns 2
a: no special abilities


You were on level 4 of the Dungeon.
You were not hungry.

You visited 1 branch of the dungeon, and saw 4 of its levels.

You collected 267 gold pieces.

Inventory:

Hand Weapons
 a - a +0 long sword (weapon)
Missiles
 d - 3 throwing nets (quivered)
 n - 6 needles of confusion
Armour
 b - a +0 scale mail
 c - a +0 hat (worn)
 m - a +0 pair of gloves (worn)
 A - a +3 leather armour (worn)
Jewellery
 e - a ring of see invisible (right hand)
 i - a ring of protection from magic (left hand)
 p - an amulet of regeneration (around neck)
Scrolls
 j - 2 scrolls of noise {unknown}
 k - a scroll of random uselessness {unknown}
 r - a scroll of blinking {unknown}
 u - a scroll of immolation {unknown}
 y - a scroll of amnesia {unknown}
Potions
 q - 3 potions of curing {unknown}
 s - a potion of degeneration {unknown}
 t - a potion of agility {unknown}
 w - 2 potions of invisibility
 x - a potion of might {unknown}
 z - a potion of heal wounds {unknown}
Comestibles
 f - 6 bread rations
 g - a meat ration
 h - a beef jerky
 l - a chunk of flesh
 o - a slice of pizza
 v - a royal jelly


   Skills:
 - Level 2.4 Fighting
 + Level 6.4 Long Blades
 - Level 2.0 Throwing
 - Level 3.2 Dodging


You had 3 spell levels left.
You didn't know any spells.

Dungeon Overview and Level Annotations

Branches:
Dungeon (4/15)
 Temple: D:4-7

Altars:


Innate Abilities, Weirdness & Mutations

You reflexively headbutt those who attack you in melee.
You have a pair of horns on your head.


Message History

The orc priest is moderately wounded.
The orc hits you but does no damage.
The orc priest calls down the wrath of Beogh upon you.
Beogh smites you! The orc barely misses you.
The leopard gecko bites you but does no damage.
You hit the orc priest.
The orc priest is severely wounded.
The leopard gecko closely misses you. You furiously retaliate!
You headbutt the leopard gecko. The orc hits you with a short sword.
The orc priest calls down the wrath of Beogh upon you.
Pain shoots through your body!
* * * LOW HITPOINT WARNING * * *
You barely miss the orc priest.
The orc priest is severely wounded.
The orc closely misses you.
The leopard gecko bites you but does no damage.
The orc hits you but does no damage.
The orc priest invokes the aid of Beogh against you.
Beogh smites you!
You die...

#.....oo...#
#....l@o#
.........#
.........#
#......#.#######+#
.....#.#.........#
...#.#.#...#######
..## #.#...##[# ..
#.#...<..#
#.#...##.#
#.#.####.###
#...........
###.###....#
#.##....+ ..# #
#.##..### #
#.#.##..#
#.#.##..#


You could see a worker ant, an orc priest, 2 orcs and a leopard gecko.

Vanquished Creatures
  3 adders
  A gnoll (D:1)
  A worm (D:3)
  A dart slug (D:1)
  2 leopard geckos
  4 bats
  A giant cockroach (D:2)
  14 goblins
  9 hobgoblins
  2 quokkas
  2 ball pythons
  2 frilled lizards
  6 kobolds
  9 rats
57 creatures vanquished.

Notes
Turn   | Place    | Note
-------+----------+-------------------------------------------
     0 | D:1      | ImaNewbie the Minotaur Gladiator began the quest for the Orb.
     0 | D:1      | Reached XP level 1. HP: 18/18 MP: 0/0
    48 | D:1      | Reached skill level 4 in Long Blades
    83 | D:1      | Reached XP level 2. HP: 25/25 MP: 1/1
   219 | D:1      | HP: 1/25 [gnoll/halberd (8)]
   220 | D:1      | Reached skill level 5 in Long Blades
   898 | D:2      | Reached XP level 3. HP: 30/30 MP: 2/2
  1593 | D:3      | Found a faded altar of an unknown god.
  1766 | D:3      | Reached skill level 6 in Long Blades
  1766 | D:3      | Reached XP level 4. HP: 33/37 MP: 3/3
  2149 | D:4      | Killed from afar by an orc priest

Skill      XL: |  1  2  3 |
---------------+----------+-----
Long Blades    | 4 5 6 |  6.4
Fighting       | |  2.4
Throwing       | |  2.0
Dodging        | |  3.2

Action                   |  1- 3 |  4- 6 || total
-------------------------+-------+-------++-------
Melee: Long sword        |    64 |    31 ||    95
       Headbutt          |     9 |     7 ||    16
  Use: Scroll            |     3 |       ||     3
  Eat: Chunk             |     3 |     1 ||     4
Armor: Leather armour    |     9 |    14 ||    23
       Ring mail         |     5 |       ||     5
Dodge: Dodged            |    41 |    27 ||    68
       Rpst.: Long sword |     7 |     5 ||    12
